Gulls vs Eagles

Created - December 17, 2024 at 21:30

Goals
1 2 3 OT1 T
Gulls 3 0 0 1 4
Eagles 1 2 0 0 3
Shots
1 2 3 OT1 T
Gulls 16 9 2 2 29
Eagles 14 13 6 0 33

1st period

1. Gulls , Luke Kunin 8 (Mikhail Maltsev 6, Dean Kukan 9) at 1:05 (SH)
2. Gulls , Troy Terry 6 (Morgan Frost 14, Sergey Tolchinsky 10) at 6:37
3. Gulls , Anton Blidh 12 (Jakub Vrana 12, Logan Brown 24) at 8:36 (PP)
4. Eagles , Tyler Motte 9 (Jack Hughes 14) at 15:29

Penalties :
Jakub Vrana (S.D) for Interference (Minor) at 0:09, Gabriel Vilardi (Col) for Holding (Minor) at 6:45, Logan Brown (S.D) for High sticking (Minor) at 16:13

2nd period

5. Eagles , Tyler Motte 10 (Jack Hughes 15) at 17:49
6. Eagles , Jared McCann 10 (Gabriel Vilardi 9, Mattias Samuelsson 7) at 19:08

Penalties :
Troy Terry (S.D) for Elbowing (Minor) at 3:50

3rd period

No Goal

Penalties :
Mikhail Maltsev (S.D) for Hooking (Minor) at 1:22, Max Lajoie (Col) for Hooking (Minor) at 4:18, Henri Ikonen (S.D) for High sticking (Minor) at 6:47, Mikhail Maltsev (S.D) for Hooking (Minor) at 12:13

Overtime #1

7. Gulls , Nick Merkley 4 (Morgan Frost 15, Sergey Tolchinsky 11) at 1:50

Penalties :
No Penalty

Goalie Stats

Louis Domingue (S.D), 30 saves from 33 shots - (0.909), W, 10-7-4, 61:50 minutes
Adin Hill (Col), 25 saves from 29 shots - (0.862), OTL, 7-4-3, 61:50 minutes

Players Stats for Gulls

Player Name              G  A  P  +/- PIM S  H  SB GA TA FO     MP     PP MP  PK MP  
------------------------------------------------------------------------------------
Andrei Mironov           0  0  0   0  0   1  0  2  0  0  0/0    27:30   2:47   7:27 
Anton Blidh              1  0  1  -2  0   3  3  0  2  0  1/2    19:33   2:42   2:14 
Barrett Hayton           0  0  0  -1  0   1  1  0  0  0  0/3     9:22   0:00   1:01 
Connor Clifton           0  0  0  -1  0   3  1  0  0  2  0/0    17:35   1:03   0:00 
Dean Kukan               0  1  1   1  0   1  0  0  0  0  0/0    27:58   2:47   7:27 
Dylan DeMelo             0  0  0  -1  0   0  0  2  0  1  0/0    17:35   1:03   0:00 
Henri Ikonen             0  0  0   0  2   0  0  0  0  0  0/0    10:00   0:11   0:22 
Jakub Vrana              0  1  1  -2  2   4  1  1  1  2  0/1    17:31   2:53   0:00 
Logan Brown              0  1  1  -2  2   6  2  0  0  0  7/19   17:28   2:53   0:00 
Luke Kunin               1  0  1   1  0   3  0  1  1  0  9/17   14:56   0:00   6:55 
Markus Niemelainen       0  0  0   0  0   1  1  1  0  0  0/0    15:36   0:00   4:27 
Mikhail Maltsev          0  1  1   0  4   2  1  0  0  0  0/0    13:10   0:00   4:44 
Morgan Frost             0  2  2   2  0   1  0  0  0  0  4/6    17:22   0:57   2:58 
Nick Merkley             1  0  1   0  0   1  1  0  0  0  0/0    11:42   0:00   2:58 
Scott Wilson             0  0  0   0  0   0  1  0  0  0  0/1     9:00   0:00   0:00 
Sergey Tolchinsky        0  2  2   1  0   1  2  0  1  0  0/0    17:08   0:57   2:36 
Tarmo Reunanen           0  0  0   0  0   0  0  1  1  1  0/0    15:36   0:00   4:27 
Troy Terry               1  0  1   1  2   1  4  0  1  1  0/1    14:28   0:57   0:00 

Players Stats for Eagles

Player Name              G  A  P  +/- PIM S  H  SB GA TA FO     MP     PP MP  PK MP  
------------------------------------------------------------------------------------
Brett Leason             0  0  0   0  0   0  2  0  0  0  0/0    10:28   0:10   0:00 
Connor Carrick           0  0  0   1  0   1  1  0  0  0  0/0    18:05   0:00   3:03 
Gabriel Vilardi          0  1  1   0  2   2  1  0  2  0  0/0    17:52   5:51   0:00 
Jack Dougherty           0  0  0   0  0   0  2  1  1  1  0/0    22:58   6:57   0:33 
Jack Hughes              0  2  2   1  0   2  1  0  1  0  13/24  18:04   5:53   0:29 
Jared McCann             1  0  1  -1  0   4  1  1  0  0  10/13  20:55   5:51   2:49 
Keaton Middleton         0  0  0  -1  0   2  1  1  1  2  0/0    26:34   6:57   2:23 
Kevin Bahl               0  0  0   0  0   1  0  0  0  1  0/0    14:35   0:00   0:54 
Matteson Iacopelli       0  0  0   1  0   0  0  0  1  0  1/1    12:25   0:10   0:00 
Matthew Phillips         0  0  0   0  0   6  1  1  0  0  0/0    16:27   5:53   0:00 
Mattias Samuelsson       0  1  1   1  0   0  1  0  0  0  0/0    20:30   4:57   0:47 
Max Lajoie               0  0  0   0  2   2  1  0  0  0  0/0    19:08   4:57   0:00 
Michael Carcone          0  0  0  -1  0   2  1  0  0  1  1/3    19:02   5:51   0:46 
Michael Dal Colle        0  0  0   0  0   0  1  1  0  0  0/0    10:52   0:00   0:47 
Pius Suter               0  0  0   0  0   3  1  0  1  0  0/0    16:27   5:53   0:00 
Sam Steel                0  0  0   0  0   2  2  0  0  0  4/5    10:58   0:00   0:00 
Tyler Motte              2  0  2   1  0   3  3  0  0  2  0/0    15:00   0:00   2:49 
Zach Aston-Reese         0  0  0   0  0   3  1  0  0  0  0/4    11:18   0:10   0:00 

3 Stars

1 - Tyler Motte (Col)
2 - Sergey Tolchinsky (S.D)
3 - Morgan Frost (S.D)

Power Play

Gulls - 1 on 2 Attempt(s) - 50.00%
Eagles - 0 on 6 Attempt(s) - 0.00%

Penalty Kill

Gulls - 6 on 6 Attempt(s) - 100.00% - Score 1 goal in Penalty Kill
Eagles - 1 on 2 Attempt(s) - 50.00% - Score 0 goal in Penalty Kill

Team Stat

Gulls - Hits : 18 - Faceoff Wins : 21 - Blocked Shots : 8 - Penalty Minutes : 12
Eagles - Hits : 21 - Faceoff Wins : 29 - Blocked Shots : 5 - Penalty Minutes : 4

Official

Referees : Kelly Sutherland and Dan Kelly
Linesman : Ryan Daisy and Brian Mach

Game Notes

No Game Note

Finance

Level 1 -- Attendance: 1929 (96.45%) -- Ticket Income $135,030
Level 2 -- Attendance: 857 (85.70%) -- Ticket Income $34,280
Total Attendance: 2786 (92.87%)
Total Ticket Income: $169,310
Other Income: $8,466
Total Income: $177,776

Gulls

5 vs 5 Forward 
   Center                   Left Wing                Right Wing               Time % Phy DF OF 
 1 Logan Brown              Anton Blidh              Jakub Vrana              40     0   2  3  
 2 Morgan Frost             Sergey Tolchinsky        Troy Terry               30     0   2  3  
 3 Luke Kunin               Henri Ikonen             Scott Wilson             20     0   2  3  
 4 Barrett Hayton           Mikhail Maltsev          Nick Merkley             10     0   2  3  

5 vs 5 Defense 
   Defense                  Defense                                           Time % Phy DF OF 
 1 Dean Kukan               Andrei Mironov                                    40     0   2  3  
 2 Dylan DeMelo             Connor Clifton                                    30     0   2  3  
 3 Tarmo Reunanen           Markus Niemelainen                                20     0   2  3  
 4 Dean Kukan               Andrei Mironov                                    10     0   2  3  

PowerPlay Forward 
   Center                   Left Wing                Right Wing               Time % Phy DF OF 
 1 Logan Brown              Anton Blidh              Jakub Vrana              60     0   1  4  
 2 Morgan Frost             Sergey Tolchinsky        Troy Terry               40     0   1  4  

PowerPlay Defense
   Defense                  Defense                                           Time % Phy DF OF 
 1 Dean Kukan               Andrei Mironov                                    60     0   1  4  
 2 Dylan DeMelo             Connor Clifton                                    40     0   1  4  

Penalty Kill 4 Players Forward 
   Center                   Wing                     Time % Phy DF OF 
 1 Luke Kunin               Mikhail Maltsev          60     1   2  2  
 2 Morgan Frost             Nick Merkley             40     1   2  2  

Penalty Kill 4 Players Defense
   Defense                  Defense                  Time % Phy DF OF 
 1 Dean Kukan               Andrei Mironov           60     1   2  2  
 2 Markus Niemelainen       Tarmo Reunanen           40     1   2  2  

Penalty Kill - 3 Players Forward 
   Forward                                           Time % Phy DF OF 
 1 Logan Brown                                       60     1   2  2  
 2 Morgan Frost                                      40     1   2  2  

Penalty Kill - 3 Players Defense
   Defense                  Defense                  Time % Phy DF OF 
 1 Dean Kukan               Andrei Mironov           60     1   2  2  
 2 Dylan DeMelo             Connor Clifton           40     1   2  2  

4 vs 4 Forward 
   Center                   Wing                     Time % Phy DF OF 
 1 Barrett Hayton           Nick Merkley             60     1   2  2  
 2 Luke Kunin               Scott Wilson             40     1   2  2  

4 vs 4 Defense
   Defense                  Defense                  Time % Phy DF OF 
 1 Markus Niemelainen       Tarmo Reunanen           60     1   2  2  
 2 Dylan DeMelo             Connor Clifton           40     1   2  2  

Last Minutes Offensive
   Center                   Left Wing                Right Wing               Defense                  Defense                  
   Logan Brown              Anton Blidh              Jakub Vrana              Dean Kukan               Andrei Mironov           

Last Minutes Defensive
   Center                   Left Wing                Right Wing               Defense                  Defense                  
   Logan Brown              Anton Blidh              Jakub Vrana              Dean Kukan               Andrei Mironov           

Goaltenders
Starting : Louis Domingue           
Backup : Eamon McAdam             

Extra Forwards
Normal : Sergey Tolchinsky, Troy Terry, Morgan Frost - PP : Sergey Tolchinsky, Troy Terry - PK : Sergey Tolchinsky
Extra Defensemen
Normal : Connor Clifton, Tarmo Reunanen, Markus Niemelainen - PP : Connor Clifton - PK : Connor Clifton, Tarmo Reunanen
Penalty Shots
Jakub Vrana, Logan Brown, Scott Wilson, Anton Blidh, Sergey Tolchinsky
Custom OT Lines Forwards
Jakub Vrana, Logan Brown, Scott Wilson, Anton Blidh, Sergey Tolchinsky, Troy Terry, Morgan Frost, Nick Merkley, Henri Ikonen, Mikhail Maltsev
Custom OT Lines Defensemen
Dean Kukan, Andrei Mironov, Dylan DeMelo, Connor Clifton, Tarmo Reunanen

Scratches
Branden Troock (Healthy), Damien Giroux (Healthy), Jake Pivonka (Healthy), Francis Perron (Healthy), Jack Glover (Healthy)
Ryan Collins (Healthy), Taylor Leier (Healthy), MacKenzie Entwistle (Healthy), Zack MacEwen (Healthy), Niklas Nordgren (Healthy)
John Beecher (Healthy), Massimo Rizzo (Healthy), Drew Helleson (Healthy), Pavel Dorofeyev (Healthy), Alexis Gravel (Healthy)
Connor Ingram (Healthy), Mads Sogaard (Healthy)

Eagles

5 vs 5 Forward 
   Center                   Left Wing                Right Wing               Time % Phy DF OF 
 1 Jared McCann             Michael Carcone          Gabriel Vilardi          35     1   2  2  
 2 Jack Hughes              Tyler Motte              Matteson Iacopelli       34     1   2  2  
 3 Sam Steel                Pius Suter               Matthew Phillips         21     1   2  2  
 4 Zach Aston-Reese         Michael Dal Colle        Brett Leason             10     1   2  2  

5 vs 5 Defense 
   Defense                  Defense                                           Time % Phy DF OF 
 1 Connor Carrick           Keaton Middleton                                  33     1   2  2  
 2 Jack Dougherty           Mattias Samuelsson                                32     1   2  2  
 3 Kevin Bahl               Max Lajoie                                        30     1   3  1  
 4 Keaton Middleton         Mattias Samuelsson                                5      1   2  2  

PowerPlay Forward 
   Center                   Left Wing                Right Wing               Time % Phy DF OF 
 1 Jared McCann             Michael Carcone          Gabriel Vilardi          50     1   1  3  
 2 Jack Hughes              Pius Suter               Matthew Phillips         50     1   1  3  

PowerPlay Defense
   Defense                  Defense                                           Time % Phy DF OF 
 1 Jack Dougherty           Keaton Middleton                                  55     1   1  3  
 2 Max Lajoie               Mattias Samuelsson                                45     1   1  3  

Penalty Kill 4 Players Forward 
   Center                   Wing                     Time % Phy DF OF 
 1 Jared McCann             Tyler Motte              65     1   3  1  
 2 Sam Steel                Gabriel Vilardi          35     1   3  1  

Penalty Kill 4 Players Defense
   Defense                  Defense                  Time % Phy DF OF 
 1 Keaton Middleton         Connor Carrick           65     1   3  1  
 2 Jack Dougherty           Mattias Samuelsson       35     1   3  1  

Penalty Kill - 3 Players Forward 
   Forward                                           Time % Phy DF OF 
 1 Jared McCann                                      65     1   4  0  
 2 Tyler Motte                                       35     1   4  0  

Penalty Kill - 3 Players Defense
   Defense                  Defense                  Time % Phy DF OF 
 1 Keaton Middleton         Connor Carrick           70     1   4  0  
 2 Jack Dougherty           Mattias Samuelsson       30     1   4  0  

4 vs 4 Forward 
   Center                   Wing                     Time % Phy DF OF 
 1 Jared McCann             Michael Carcone          50     1   2  2  
 2 Jack Hughes              Gabriel Vilardi          50     1   2  2  

4 vs 4 Defense
   Defense                  Defense                  Time % Phy DF OF 
 1 Connor Carrick           Jack Dougherty           50     1   2  2  
 2 Keaton Middleton         Max Lajoie               50     1   2  2  

Last Minutes Offensive
   Center                   Left Wing                Right Wing               Defense                  Defense                  
   Jack Hughes              Michael Carcone          Gabriel Vilardi          Jack Dougherty           Keaton Middleton         

Last Minutes Defensive
   Center                   Left Wing                Right Wing               Defense                  Defense                  
   Jared McCann             Tyler Motte              Gabriel Vilardi          Connor Carrick           Keaton Middleton         

Goaltenders
Starting : Adin Hill                
Backup : Daniel Altshuller        

Extra Forwards
Normal : Zach Aston-Reese, Brett Leason, Michael Dal Colle - PP : Zach Aston-Reese, Brett Leason - PK : Michael Carcone
Extra Defensemen
Normal : Kevin Bahl, Max Lajoie, Mattias Samuelsson - PP : Connor Carrick - PK : Max Lajoie, Kevin Bahl
Penalty Shots
Jack Hughes, Gabriel Vilardi, Jared McCann, Pius Suter, Brett Leason
Custom OT Lines Forwards
Jared McCann, Michael Carcone, Zach Aston-Reese, Tyler Motte, Gabriel Vilardi, Sam Steel, Jack Hughes, Matteson Iacopelli, Pius Suter, Michael Dal Colle
Custom OT Lines Defensemen
Connor Carrick, Jack Dougherty, Keaton Middleton, Max Lajoie, Mattias Samuelsson

Scratches
Chris Calhan (Healthy), Dominik Kubalik (Healthy), Jonathan Racine (Right Forearm Injury), Mark Friedman (Healthy), Tyler Tucker (Healthy)
Xavier Ouellet (Bruised Left Leg Injury), Alexander Nylander (Healthy), Pascal Laberge (Healthy), Marian Studenic (Healthy), Ilya Nikolaev (Healthy)
Santeri Hatakka (Healthy), Jacob Leguerrier (Healthy), Elmer Soderblom (Healthy), Zachary Emond (Healthy), Linus Ullmark (Healthy)
Hugo Alnefelt (Healthy)

% Time on Ice - Gulls

Lines # - Real PCT - Wanted PCT - Time Play
Normal Forward
1 - 33% - 40% - 14:31
2 - 33% - 30% - 14:30
3 - 17% - 20% - 7:44
4 - 17% - 10% - 7:31
Normal Defense
1 - 35% - 40% - 15:38
2 - 38% - 30% - 17:01
3 - 24% - 20% - 10:40
4 - 2% - 10% - 0:57
PP Forward
1 - 75% - 60% - 2:53
2 - 25% - 40% - 0:57
PP Defense
1 - 73% - 60% - 2:47
2 - 27% - 40% - 1:03
PK Forward
1 - 75% - 60% - 8:56
2 - 25% - 40% - 2:58
PK Defense
1 - 63% - 60% - 7:27
2 - 37% - 40% - 4:27
PK3 Forward
1 - 0% - 60%
2 - 0% - 40%
PK3 Defense
1 - 0% - 60%
2 - 0% - 40%
44 Forward
1 - 0% - 60%
2 - 0% - 40%
44 Defense
1 - 0% - 60%
2 - 0% - 40%
Last Minute Offensive  - 0:00
Last Minute Defensive  - 0:00
Total
Forward - 60:00
Defense - 60:00

% Time on Ice - Eagles

Lines # - Real PCT - Wanted PCT - Time Play
Normal Forward
1 - 28% - 35% - 12:15
2 - 28% - 34% - 12:16
3 - 24% - 21% - 10:31
4 - 21% - 10% - 9:14
Normal Defense
1 - 32% - 33% - 14:18
2 - 30% - 32% - 13:20
3 - 31% - 30% - 13:41
4 - 7% - 5% - 2:57
PP Forward
1 - 51% - 50% - 6:01
2 - 49% - 50% - 5:53
PP Defense
1 - 58% - 55% - 6:57
2 - 42% - 45% - 4:57
PK Forward
1 - 100% - 65% - 3:50
2 - 0% - 35% - 0:00
PK Defense
1 - 80% - 65% - 3:03
2 - 20% - 35% - 0:47
PK3 Forward
1 - 0% - 65%
2 - 0% - 35%
PK3 Defense
1 - 0% - 70%
2 - 0% - 30%
44 Forward
1 - 0% - 50%
2 - 0% - 50%
44 Defense
1 - 0% - 50%
2 - 0% - 50%
Last Minute Offensive  - 0:00
Last Minute Defensive  - 0:00
Total
Forward - 60:00
Defense - 60:00

Play-by-Play

1st period


0:01 of 1st period - Jared McCann wins face-off versus Logan Brown in neutral zone.
0:09 of 1st period - Minor Penalty to Jakub Vrana for Interference.
0:10 of 1st period - Luke Kunin wins face-off versus Jared McCann in Gulls zone.
0:18 of 1st period - Wrist shot by Luke Kunin.
0:18 of 1st period - Stopped by Adin Hill without a rebound.
0:19 of 1st period - Luke Kunin wins face-off versus Michael Carcone in Eagles zone.
1:05 of 1st period - Wrist shot by Luke Kunin.
1:05 of 1st period - Goal by Luke Kunin - Gulls : 1 - Eagles : 0.
1:06 of 1st period - Morgan Frost wins face-off versus Jack Hughes in neutral zone.
2:09 of 1st period - Penalty to Jakub Vrana is over, Jakub Vrana is back on ice.
2:20 of 1st period - Icing by Zach Aston-Reese.
2:21 of 1st period - Logan Brown wins face-off versus Zach Aston-Reese in Eagles zone.
2:28 of 1st period - Logan Brown is hit by Mattias Samuelsson and loses puck.
2:33 of 1st period - Slapshot by Zach Aston-Reese.
2:33 of 1st period - Stopped by Louis Domingue with a rebound.
2:35 of 1st period - Slapshot by Connor Carrick.
2:35 of 1st period - Deflect By Michael Dal Colle.
2:35 of 1st period - Shot Blocked by Jakub Vrana.
2:35 of 1st period - Puck is out of play.
2:36 of 1st period - Jack Hughes wins face-off versus Morgan Frost in Gulls zone.
3:15 of 1st period - Matthew Phillips is hit by Sergey Tolchinsky and loses puck.
3:34 of 1st period - Wrist shot by Anton Blidh.
3:34 of 1st period - Shot Misses the Net.
4:08 of 1st period - Wrist shot by Mikhail Maltsev.
4:08 of 1st period - Shot Misses the Net.
4:26 of 1st period - Wrist shot by Barrett Hayton.
4:26 of 1st period - Stopped by Adin Hill with a rebound.
5:55 of 1st period - Snap shot by Logan Brown.
5:55 of 1st period - Stopped by Adin Hill without a rebound.
5:56 of 1st period - Logan Brown wins face-off versus Zach Aston-Reese in Eagles zone.
6:01 of 1st period - Snap shot by Jakub Vrana.
6:01 of 1st period - Stopped by Adin Hill with a rebound.
6:05 of 1st period - Wrist shot by Anton Blidh.
6:05 of 1st period - Shot Misses the Net.
6:07 of 1st period - Slapshot by Markus Niemelainen.
6:07 of 1st period - Stopped by Adin Hill without a rebound.
6:08 of 1st period - Jared McCann wins face-off versus Jakub Vrana in Eagles zone.
6:21 of 1st period - Slapshot by Jared McCann.
6:21 of 1st period - Stopped by Louis Domingue without a rebound.
6:22 of 1st period - Morgan Frost wins face-off versus Jack Hughes in Gulls zone.
6:37 of 1st period - Slapshot by Troy Terry.
6:37 of 1st period - Goal by Troy Terry - Gulls : 2 - Eagles : 0.
6:38 of 1st period - Anton Blidh wins face-off versus Jared McCann in neutral zone.
6:43 of 1st period - Wrist shot by Jakub Vrana.
6:43 of 1st period - Shot Misses the Net.
6:45 of 1st period - Minor Penalty to Gabriel Vilardi for Holding.
6:46 of 1st period - Jared McCann wins face-off versus Logan Brown in Eagles zone.
7:30 of 1st period - Slapshot by Logan Brown.
7:30 of 1st period - Stopped by Adin Hill with a rebound.
7:32 of 1st period - Snap shot by Logan Brown.
7:32 of 1st period - Stopped by Adin Hill with a rebound.
7:34 of 1st period - Snap shot by Logan Brown.
7:34 of 1st period - Stopped by Adin Hill with a rebound.
7:36 of 1st period - Wrist shot by Dean Kukan.
7:36 of 1st period - Stopped by Adin Hill with a rebound.
7:58 of 1st period - Snap shot by Anton Blidh.
7:58 of 1st period - Stopped by Adin Hill with a rebound.
8:36 of 1st period - Snap shot by Anton Blidh.
8:36 of 1st period - Goal by Anton Blidh - Gulls : 3 - Eagles : 0.
8:37 of 1st period - Luke Kunin wins face-off versus Sam Steel in neutral zone.
12:31 of 1st period - Michael Carcone is hit by Barrett Hayton and loses puck.
13:11 of 1st period - Connor Clifton is hit by Zach Aston-Reese and loses puck.
13:26 of 1st period - Backhand shot by Pius Suter.
13:26 of 1st period - Shot Misses the Net.
13:43 of 1st period - Dylan DeMelo is hit by Gabriel Vilardi and loses puck.
14:10 of 1st period - Andrei Mironov is hit by Tyler Motte and loses puck.
14:32 of 1st period - Icing by Morgan Frost.
14:33 of 1st period - Morgan Frost wins face-off versus Zach Aston-Reese in Gulls zone.
14:47 of 1st period - Wrist shot by Zach Aston-Reese.
14:47 of 1st period - Shot Blocked by Dylan DeMelo.
14:49 of 1st period - Snap shot by Zach Aston-Reese.
14:49 of 1st period - Shot Misses the Net.
14:51 of 1st period - Slapshot by Keaton Middleton.
14:51 of 1st period - Stopped by Louis Domingue with a rebound.
15:04 of 1st period - Slapshot by Jack Dougherty.
15:04 of 1st period - Shot Misses the Net.
15:14 of 1st period - Slapshot by Zach Aston-Reese.
15:14 of 1st period - Shot Misses the Net.
15:16 of 1st period - Wrist shot by Michael Dal Colle.
15:16 of 1st period - Shot Misses the Net.
15:18 of 1st period - Snap shot by Kevin Bahl.
15:18 of 1st period - Stopped by Louis Domingue without a rebound.
15:19 of 1st period - Jack Hughes wins face-off versus Logan Brown in Gulls zone.
15:27 of 1st period - Slapshot by Jack Hughes.
15:27 of 1st period - Shot Misses the Net.
15:29 of 1st period - Snap shot by Tyler Motte.
15:29 of 1st period - Goal by Tyler Motte - Gulls : 3 - Eagles : 1.
15:30 of 1st period - Jared McCann wins face-off versus Logan Brown in neutral zone.
15:33 of 1st period - Logan Brown is hit by Jared McCann and loses puck.
15:42 of 1st period - Slapshot by Gabriel Vilardi.
15:42 of 1st period - Stopped by Louis Domingue with a rebound.
15:44 of 1st period - Slapshot by Keaton Middleton.
15:44 of 1st period - Stopped by Louis Domingue with a rebound.
15:46 of 1st period - Slapshot by Jared McCann.
15:46 of 1st period - Shot Blocked by Andrei Mironov.
15:56 of 1st period - Wrist shot by Sam Steel.
15:56 of 1st period - Stopped by Louis Domingue without a rebound.
15:57 of 1st period - Sam Steel wins face-off versus Troy Terry in Gulls zone.
16:10 of 1st period - Snap shot by Matthew Phillips.
16:10 of 1st period - Stopped by Louis Domingue without a rebound.
16:11 of 1st period - Logan Brown wins face-off versus Jack Hughes in Gulls zone.
16:13 of 1st period - Minor Penalty to Logan Brown for High sticking.
16:14 of 1st period - Jack Hughes wins face-off versus Luke Kunin in Gulls zone.
16:16 of 1st period - Snap shot by Matthew Phillips.
16:16 of 1st period - Stopped by Louis Domingue without a rebound.
16:17 of 1st period - Jack Hughes wins face-off versus Luke Kunin in Gulls zone.
16:20 of 1st period - Snap shot by Matthew Phillips.
16:20 of 1st period - Stopped by Louis Domingue with a rebound.
16:22 of 1st period - Slapshot by Jack Hughes.
16:22 of 1st period - Stopped by Louis Domingue without a rebound.
16:23 of 1st period - Jack Hughes wins face-off versus Luke Kunin in Gulls zone.
16:24 of 1st period - Snap shot by Pius Suter.
16:24 of 1st period - Stopped by Louis Domingue with a rebound.
16:26 of 1st period - Snap shot by Matthew Phillips.
16:26 of 1st period - Stopped by Louis Domingue without a rebound.
16:27 of 1st period - Luke Kunin wins face-off versus Jack Hughes in Gulls zone.
16:38 of 1st period - Slapshot by Mikhail Maltsev.
16:38 of 1st period - Stopped by Adin Hill without a rebound.
16:39 of 1st period - Luke Kunin wins face-off versus Jack Hughes in Eagles zone.
16:48 of 1st period - Snap shot by Luke Kunin.
16:48 of 1st period - Stopped by Adin Hill with a rebound.
18:13 of 1st period - Penalty to Logan Brown is over, Logan Brown is back on ice.
18:42 of 1st period - Keaton Middleton is hit by Logan Brown and loses puck.
19:04 of 1st period - Sergey Tolchinsky is hit by Tyler Motte and loses puck.
19:21 of 1st period - Mattias Samuelsson is hit by Jakub Vrana and loses puck.
19:26 of 1st period - Snap shot by Logan Brown.
19:26 of 1st period - Stopped by Adin Hill without a rebound.
19:27 of 1st period - Jared McCann wins face-off versus Logan Brown in Eagles zone.
19:27 of 1st period - Jared McCann is hit by Anton Blidh.
19:35 of 1st period - Wrist shot by Jared McCann.
19:35 of 1st period - Shot Blocked by Markus Niemelainen.
Goals for this period are 3 for Gulls vs 1 for Eagles.
Shots for this period are 16 for Gulls vs 14 for Eagles.

2nd period


0:01 of 2nd period - Jack Hughes wins face-off versus Logan Brown in neutral zone.
0:39 of 2nd period - Snap shot by Michael Carcone.
0:39 of 2nd period - Stopped by Louis Domingue without a rebound.
0:40 of 2nd period - Sam Steel wins face-off versus Logan Brown in Gulls zone.
0:51 of 2nd period - Wrist shot by Logan Brown.
0:51 of 2nd period - Stopped by Adin Hill without a rebound.
0:52 of 2nd period - Jared McCann wins face-off versus Logan Brown in Eagles zone.
1:29 of 2nd period - Wrist shot by Gabriel Vilardi.
1:29 of 2nd period - Stopped by Louis Domingue with a rebound.
1:41 of 2nd period - Snap shot by Jared McCann.
1:41 of 2nd period - Shot Misses the Net.
1:45 of 2nd period - Snap shot by Jared McCann.
1:45 of 2nd period - Stopped by Louis Domingue without a rebound.
1:46 of 2nd period - Morgan Frost wins face-off versus Jack Hughes in Gulls zone.
1:53 of 2nd period - Snap shot by Sergey Tolchinsky.
1:53 of 2nd period - Stopped by Adin Hill with a rebound.
1:59 of 2nd period - Slapshot by Max Lajoie.
1:59 of 2nd period - Stopped by Louis Domingue without a rebound.
2:00 of 2nd period - Jack Hughes wins face-off versus Logan Brown in Gulls zone.
2:27 of 2nd period - Connor Carrick is hit by Troy Terry and loses puck.
3:06 of 2nd period - Tyler Motte is hit by Mikhail Maltsev and loses puck.
3:25 of 2nd period - Wrist shot by Jakub Vrana.
3:25 of 2nd period - Stopped by Adin Hill without a rebound.
3:26 of 2nd period - Logan Brown wins face-off versus Zach Aston-Reese in Eagles zone.
3:41 of 2nd period - Wrist shot by Jakub Vrana.
3:41 of 2nd period - Stopped by Adin Hill with a rebound.
3:50 of 2nd period - Minor Penalty to Troy Terry for Elbowing.
3:51 of 2nd period - Jared McCann wins face-off versus Luke Kunin in Gulls zone.
4:29 of 2nd period - Off-side.
4:30 of 2nd period - Luke Kunin wins face-off versus Michael Carcone in neutral zone.
4:39 of 2nd period - Wrist shot by Michael Carcone.
4:39 of 2nd period - Stopped by Louis Domingue without a rebound.
4:40 of 2nd period - Jack Hughes wins face-off versus Luke Kunin in Gulls zone.
5:09 of 2nd period - Andrei Mironov is hit by Michael Carcone and loses puck.
5:50 of 2nd period - Penalty to Troy Terry is over, Troy Terry is back on ice.
7:31 of 2nd period - Snap shot by Troy Terry.
7:31 of 2nd period - Shot Blocked by Matthew Phillips.
7:33 of 2nd period - Snap shot by Sergey Tolchinsky.
7:33 of 2nd period - Shot Misses the Net.
7:53 of 2nd period - Wrist shot by Zach Aston-Reese.
7:53 of 2nd period - Shot Misses the Net.
8:13 of 2nd period - Snap shot by Jakub Vrana.
8:13 of 2nd period - Stopped by Adin Hill with a rebound.
8:48 of 2nd period - Snap shot by Mikhail Maltsev.
8:48 of 2nd period - Stopped by Adin Hill without a rebound.
8:49 of 2nd period - Sam Steel wins face-off versus Barrett Hayton in Eagles zone.
9:02 of 2nd period - Snap shot by Matthew Phillips.
9:02 of 2nd period - Shot Blocked by Dylan DeMelo.
9:14 of 2nd period - Dylan DeMelo is hit by Tyler Motte.
9:41 of 2nd period - Morgan Frost is hit by Jack Dougherty and loses puck.
10:14 of 2nd period - Tarmo Reunanen is hit by Matthew Phillips and loses puck.
10:53 of 2nd period - Snap shot by Barrett Hayton.
10:53 of 2nd period - Shot Misses the Net.
10:55 of 2nd period - Slapshot by Dylan DeMelo.
10:55 of 2nd period - Shot Misses the Net.
10:57 of 2nd period - Slapshot by Connor Clifton.
10:57 of 2nd period - Stopped by Adin Hill with a rebound.
10:59 of 2nd period - Slapshot by Connor Clifton.
10:59 of 2nd period - Stopped by Adin Hill with a rebound.
11:31 of 2nd period - Snap shot by Mattias Samuelsson.
11:31 of 2nd period - Shot Hit the Post.
11:42 of 2nd period - Kevin Bahl is hit by Anton Blidh and loses puck.
11:59 of 2nd period - Snap shot by Sergey Tolchinsky.
11:59 of 2nd period - Shot Misses the Net.
12:14 of 2nd period - Sergey Tolchinsky is hit by Jack Dougherty and loses puck.
12:27 of 2nd period - Pius Suter is hit by Troy Terry and loses puck.
12:55 of 2nd period - Wrist shot by Sam Steel.
12:55 of 2nd period - Shot Misses the Net.
12:57 of 2nd period - Slapshot by Jack Dougherty.
12:57 of 2nd period - Shot Blocked by Andrei Mironov.
12:59 of 2nd period - Snap shot by Pius Suter.
12:59 of 2nd period - Deflect By Matthew Phillips.
12:59 of 2nd period - Stopped by Louis Domingue with a rebound.
13:19 of 2nd period - Wrist shot by Morgan Frost.
13:19 of 2nd period - Shot Blocked by Jack Dougherty.
13:29 of 2nd period - Wrist shot by Sam Steel.
13:29 of 2nd period - Shot Misses the Net.
13:31 of 2nd period - Wrist shot by Pius Suter.
13:31 of 2nd period - Shot Misses the Net.
13:35 of 2nd period - Wrist shot by Sam Steel.
13:35 of 2nd period - Deflect By Matthew Phillips.
13:35 of 2nd period - Shot Misses the Net.
13:35 of 2nd period - Puck is out of play.
13:36 of 2nd period - Jack Hughes wins face-off versus Logan Brown in Gulls zone.
14:40 of 2nd period - Snap shot by Jack Hughes.
14:40 of 2nd period - Stopped by Louis Domingue without a rebound.
14:41 of 2nd period - Jack Hughes wins face-off versus Luke Kunin in Gulls zone.
14:42 of 2nd period - Wrist shot by Tyler Motte.
14:42 of 2nd period - Stopped by Louis Domingue with a rebound.
15:33 of 2nd period - Jared McCann is hit by Nick Merkley.
16:10 of 2nd period - Off-side.
16:11 of 2nd period - Jared McCann wins face-off versus Barrett Hayton in neutral zone.
16:14 of 2nd period - Snap shot by Gabriel Vilardi.
16:14 of 2nd period - Deflect By Jared McCann.
16:14 of 2nd period - Stopped by Louis Domingue with a rebound.
16:38 of 2nd period - Tyler Motte is hit by Anton Blidh and loses puck.
17:03 of 2nd period - Slapshot by Zach Aston-Reese.
17:03 of 2nd period - Stopped by Louis Domingue with a rebound.
17:05 of 2nd period - Snap shot by Zach Aston-Reese.
17:05 of 2nd period - Stopped by Louis Domingue without a rebound.
17:06 of 2nd period - Logan Brown wins face-off versus Jack Hughes in Gulls zone.
17:11 of 2nd period - Jack Hughes is hit by Logan Brown and loses puck.
17:20 of 2nd period - Anton Blidh is hit by Connor Carrick and loses puck.
17:31 of 2nd period - Mattias Samuelsson is hit by Troy Terry and loses puck.
17:36 of 2nd period - Wrist shot by Morgan Frost.
17:36 of 2nd period - Shot Misses the Net.
17:38 of 2nd period - Snap shot by Sergey Tolchinsky.
17:38 of 2nd period - Shot Misses the Net.
17:40 of 2nd period - Snap shot by Connor Clifton.
17:40 of 2nd period - Stopped by Adin Hill without a rebound.
17:41 of 2nd period - Jack Hughes wins face-off versus Logan Brown in Eagles zone.
17:41 of 2nd period - Jack Hughes is hit by Connor Clifton.
17:49 of 2nd period - Snap shot by Tyler Motte.
17:49 of 2nd period - Goal by Tyler Motte - Gulls : 3 - Eagles : 2.
17:50 of 2nd period - Logan Brown wins face-off versus Jared McCann in neutral zone.
17:55 of 2nd period - Wrist shot by Logan Brown.
17:55 of 2nd period - Shot Misses the Net.
18:56 of 2nd period - Off-side.
18:57 of 2nd period - Jared McCann wins face-off versus Barrett Hayton in neutral zone.
19:08 of 2nd period - Wrist shot by Jared McCann.
19:08 of 2nd period - Goal by Jared McCann - Gulls : 3 - Eagles : 3.
19:09 of 2nd period - Logan Brown wins face-off versus Jack Hughes in neutral zone.
Goals for this period are 0 for Gulls vs 2 for Eagles.
Shots for this period are 9 for Gulls vs 13 for Eagles.

3rd period


0:01 of 3rd period - Jack Hughes wins face-off versus Logan Brown in neutral zone.
1:22 of 3rd period - Minor Penalty to Mikhail Maltsev for Hooking.
1:23 of 3rd period - Luke Kunin wins face-off versus Jack Hughes in Gulls zone.
3:04 of 3rd period - Luke Kunin is hit by Max Lajoie and loses puck.
3:22 of 3rd period - Penalty to Mikhail Maltsev is over, Mikhail Maltsev is back on ice.
4:18 of 3rd period - Minor Penalty to Max Lajoie for Hooking.
4:19 of 3rd period - Jared McCann wins face-off versus Anton Blidh in Eagles zone.
4:47 of 3rd period - Slapshot by Andrei Mironov.
4:47 of 3rd period - Stopped by Adin Hill with a rebound.
5:47 of 3rd period - Michael Carcone is hit by Troy Terry and loses puck.
6:18 of 3rd period - Penalty to Max Lajoie is over, Max Lajoie is back on ice.
6:28 of 3rd period - Snap shot by Pius Suter.
6:28 of 3rd period - Stopped by Louis Domingue with a rebound.
6:30 of 3rd period - Snap shot by Sam Steel.
6:30 of 3rd period - Stopped by Louis Domingue without a rebound.
6:31 of 3rd period - Sam Steel wins face-off versus Luke Kunin in Gulls zone.
6:38 of 3rd period - Snap shot by Sam Steel.
6:38 of 3rd period - Shot Blocked by Luke Kunin.
6:47 of 3rd period - Minor Penalty to Henri Ikonen for High sticking.
6:48 of 3rd period - Luke Kunin wins face-off versus Jack Hughes in Gulls zone.
6:48 of 3rd period - Luke Kunin is hit by Keaton Middleton.
8:47 of 3rd period - Penalty to Henri Ikonen is over, Henri Ikonen is back on ice.
8:53 of 3rd period - Connor Clifton is hit by Brett Leason and loses puck.
8:58 of 3rd period - Slapshot by Connor Carrick.
8:58 of 3rd period - Stopped by Louis Domingue with a rebound.
9:27 of 3rd period - Matteson Iacopelli is hit by Markus Niemelainen and loses puck.
9:42 of 3rd period - Logan Brown is hit by Sam Steel and loses puck.
10:29 of 3rd period - Jakub Vrana is hit by Pius Suter and loses puck.
11:03 of 3rd period - Slapshot by Dylan DeMelo.
11:03 of 3rd period - Deflect By Scott Wilson.
11:03 of 3rd period - Shot Misses the Net.
11:03 of 3rd period - Puck is out of play.
11:04 of 3rd period - Matteson Iacopelli wins face-off versus Morgan Frost in Eagles zone.
11:04 of 3rd period - Matteson Iacopelli is hit by Sergey Tolchinsky.
11:10 of 3rd period - Wrist shot by Jack Hughes.
11:10 of 3rd period - Shot Blocked by Tarmo Reunanen.
11:40 of 3rd period - Backhand shot by Anton Blidh.
11:40 of 3rd period - Stopped by Adin Hill with a rebound.
12:13 of 3rd period - Minor Penalty to Mikhail Maltsev for Hooking.
12:14 of 3rd period - Jack Hughes wins face-off versus Luke Kunin in Gulls zone.
12:14 of 3rd period - Slapshot by Matthew Phillips.
12:14 of 3rd period - Stopped by Louis Domingue with a rebound.
12:16 of 3rd period - Wrist shot by Pius Suter.
12:16 of 3rd period - Stopped by Louis Domingue with a rebound.
12:18 of 3rd period - Slapshot by Max Lajoie.
12:18 of 3rd period - Stopped by Louis Domingue without a rebound.
12:19 of 3rd period - Luke Kunin wins face-off versus Jack Hughes in Gulls zone.
12:34 of 3rd period - Andrei Mironov is hit by Jack Hughes and loses puck.
14:13 of 3rd period - Penalty to Mikhail Maltsev is over, Mikhail Maltsev is back on ice.
14:19 of 3rd period - Anton Blidh is hit by Michael Dal Colle and loses puck.
14:30 of 3rd period - Backhand shot by Sergey Tolchinsky.
14:30 of 3rd period - Shot Blocked by Michael Dal Colle.
16:00 of 3rd period - Henri Ikonen is hit by Sam Steel and loses puck.
16:53 of 3rd period - Morgan Frost is hit by Brett Leason and loses puck.
18:59 of 3rd period - Pius Suter is hit by Scott Wilson and loses puck.
Goals for this period are 0 for Gulls vs 0 for Eagles.
Shots for this period are 2 for Gulls vs 6 for Eagles.

Overtime #1


0:01 of 1st overtime period - Michael Carcone wins face-off versus Scott Wilson in neutral zone.
1:42 of 1st overtime period - Slapshot by Nick Merkley.
1:42 of 1st overtime period - Shot Blocked by Keaton Middleton.
1:44 of 1st overtime period - Snap shot by Morgan Frost.
1:44 of 1st overtime period - Shot Misses the Net.
1:46 of 1st overtime period - Snap shot by Morgan Frost.
1:46 of 1st overtime period - Stopped by Adin Hill with a rebound.
1:48 of 1st overtime period - Snap shot by Morgan Frost.
1:48 of 1st overtime period - Shot Blocked by Jared McCann.
1:50 of 1st overtime period - Snap shot by Nick Merkley.
1:50 of 1st overtime period - Goal by Nick Merkley - Gulls : 4 - Eagles : 3.
Goals for this period are 1 for Gulls vs 0 for Eagles.
Shots for this period are 2 for Gulls vs 0 for Eagles.